 Dungeon Crawl Stone Soup version 0.29-a0-284-gf9362112df (webtiles) character file.

Game seed: 9122813668443623806

45 siradein the Grave Robber (level 3, -1/28 HPs)
             Began as a Minotaur Necromancer on Mar 22, 2022.
             Slain by an adder (2 damage)
             ... on level 2 of the Dungeon.
             The game lasted 00:03:19 (1315 turns).

siradein the Grave Robber (Minotaur Necromancer)    Turns: 1315, Time: 00:03:19

Health: -1/28      AC:  3    Str: 12    XL:     3   Next: 42%
Magic:  1/4        EV: 12    Int: 14    God:
Gold:   78         SH:  0    Dex: 10    Spells: 1/5 levels left

rFire   . . .      SeeInvis .   o - +0 mace
rCold   . . .      Faith    .   (no shield)
rNeg    + . .      Spirit   .   a - +0 robe
rPois   .          Reflect  .   (helmet restricted)
rElec   .          Harm     .   d - +0 cloak
rCorr   .          Rampage  .   (no gloves)
Will    .....                   (no boots)
Stlth   ++........              (no amulet)
HPRegen 0.09/turn               p - ring of positive energy
MPRegen 0.09/turn               (no ring)

@: lethally poisoned (-1 -> -9), very slightly contaminated
A: horns 2, retaliatory headbutt
a: no special abilities


You were on level 2 of the Dungeon.
You visited 1 branch of the dungeon, and saw 2 of its levels.

You collected 78 gold pieces.

Inventory:

Hand Weapons
 o - a +0 mace (weapon)
Armour
 a - a +0 robe (worn)
 d - a +0 cloak (worn)
Jewellery
 p - a ring of positive energy (left hand)
Scrolls
 c - 2 scrolls of vulnerability {unknown}
 g - 2 scrolls of enchant weapon {unknown}
 i - a scroll of noise {unknown}
 j - a scroll of fog {unknown}
 k - a scroll of teleportation {unknown}
 l - 2 scrolls of amnesia {unknown}
 m - 2 scrolls of identify {unknown}
 n - 2 scrolls of enchant armour {unknown}
Potions
 b - a potion of magic
 e - a potion of mutation {unknown}
 f - a potion of might {unknown}
 h - a potion of haste {unknown}


   Skills:
 + Level 1.1 Fighting
 + Level 0.2 Maces & Flails
 + Level 1.3 Armour
 + Level 2.6 Dodging
 - Level 1.5 Stealth
 + Level 1.6 Spellcasting
 * Level 3.3 Necromancy


You had one spell level left.
You knew the following spells:

 Your Spells              Type           Power      Damage    Failure   Level
a - Pain                  Necr           40%        1d6       6%          1
b - Vampiric Draining     Necr           10%        2d6       19%         3

Your spell library contained the following spells:

 Spells                   Type           Power      Damage    Failure   Level
 Animate Skeleton         Necr           20%        N/A       6%          1
 Animate Dead             Necr           5%         N/A       52%         4
 Agony                    Necr           10%        N/A       86%         5


Dungeon Overview and Level Annotations

Branches:
Dungeon (2/15)

Altars:


Innate Abilities, Weirdness & Mutations

You have a pair of horns on your head.
You reflexively headbutt those who attack you in melee.


Message History

You kill the bat!
The adder barely misses you. The adder bites you.
You miss the adder.
You feel sick. The endoplasm closely misses you.
The adder bites you but does no damage. The endoplasm freezes you.
You are frozen.
The adder barely misses you.
You closely miss the adder.
You feel sick.
You are no longer poisoned.
The adder bites you.
You are poisoned.
The adder poisons you! The endoplasm closely misses you.
You barely miss the adder.
You feel sick. The adder closely misses you. The endoplasm closely misses you.
The adder bites you but does no damage.
You miss the adder. Your headbutt misses the adder.
You feel sick. The adder bites you.
You are more poisoned.
The adder poisons you! The endoplasm closely misses you.
The adder barely misses you. The endoplasm freezes you.
You are frozen.
* * * LOW HITPOINT WARNING * * *
You miss the adder.
* * * LOW HITPOINT WARNING * * *
You feel sick. The adder bites you.
* * * LOW HITPOINT WARNING * * *
You are more poisoned.
The adder poisons you! The endoplasm misses you. The adder closely misses you.
Unknown command.
Casting: Pain (safe; 6% risk of failure)
Confirm with . or Enter, or press ? or * to list all spells.
The spell is quite dangerous to miscast (19% risk of failure)!
Continue anyway?
Aiming: Vampiric Draining (quite dangerous; 19% risk of failure)
Press: ? - help, Shift-Dir - straight line, f - adder
Aim: an adder You miscast Vampiric Draining.
You are very lightly contaminated with residual magic.
Nothing appears to happen.
* * * LOW HITPOINT WARNING * * *
You feel sick. The endoplasm closely misses you. The adder bites you.
You die...

#.........# #.........##
#.# .# ... #..........#
#.# .##...
#..........###.###.....+
#......................#
#########..###.........#
♣.......##..†...<......#
........##.............#
♣.......##......@S.>...#
###########.#†...J......
# .)............. #
###.###......... # ...#
#......... # #####
#......).. # ...≈≈≈≈...
# ##.≈...... #


You could see an adder and an endoplasm.

Vanquished Creatures
  A dart slug (D:1)
  3 bats
  6 endoplasms
  A giant cockroach (D:1)
  5 goblins (D:1)
  5 hobgoblins (D:1)
  3 jackals (D:1)
  4 kobolds (D:1)
  2 quokkas
  4 ball pythons
  A rat (D:2)
35 creatures vanquished.

Notes
Turn   | Place    | Note
-------+----------+-------------------------------------------
     0 | D:1      | siradein the Minotaur Necromancer began the quest for the
                  | Orb.
     0 | D:1      | Reached XP level 1. HP: 14/14 MP: 1/1
    22 | D:1      | Reached skill level 3 in Necromancy
   366 | D:1      | Reached XP level 2. HP: 22/22 MP: 3/3
   450 | D:1      | Reached skill level 1 in Armour
   637 | D:1      | Reached skill level 1 in Fighting
   645 | D:1      | Found a faded altar of an unknown god.
   685 | D:1      | Reached XP level 3. HP: 18/28 MP: 4/4
  1152 | D:2      | Learned a level 3 spell: Vampiric Draining
  1315 | D:2      | HP: 1/28 [poisoned by an adder]
  1315 | D:2      | Slain by an adder

Illustrated notes

Levels and vault maps discovered:
D:1:      lightli_arrival_lavapool, layout_rooms,
          hellmonk_ecumenical_altar_arch_garden, minmay_split_cup_large
D:2:      layout_rooms, serial_rivers, chequers_serial_rivers_room_b,
          chequers_serial_rivers_large_a, chequers_serial_rivers_room_a,
          chequers_serial_rivers_room_a, chequers_serial_rivers_marsh,
          chequers_serial_rivers_micro_d, grunt_ministairs_11,
          kennysheep_cross_bottleneck, minmay_pentomino_q4

Skill      XL: |  1  2 |
---------------+-------+-----
Necromancy     | 3 |  3.3
Armour         | 1 |  1.3
Fighting       | 1 |  1.1
Maces & Flails | |  0.2
Dodging        | |  2.6
Stealth        | |  1.5
Spellcasting   | |  1.6

Action                   || total
-------------------------++-------
Melee: Unarmed           ||     6
       Dagger            ||    13
       Headbutt          ||    11
       Short sword       ||    28
       Mace              ||    18
 Cast: Pain              ||     2
 Stab: Sleeping          ||     2
Armor: Robe              ||    16
Dodge: Dodged            ||    74

Table legend: (Time is in decaauts)
 A = Elapsed time spent in this place.
 B = Non-inter-level travel time spent in this place.
 C = Inter-level travel time spent in this place.
 D = Time resting spent in this place.
 E = Time spent auto-exploring this place.
 F = Levels seen in this place.
 G = Mean time per level.
                   A        B        C        D        E       F      G
               +--------+--------+--------+--------+--------+-----+--------+
         Total |   1322 |   1305 |     17 |    203 |    808 |   2 |  661.0 |
       Dungeon |   1322 |   1305 |     17 |    203 |    808 |   2 |  661.0 |
               +--------+--------+--------+--------+--------+-----+--------+

Top non-repeatable levels by time:
     D:1: 1148 daAuts
     D:2: 174 daAuts
